[Event "Titled Tuesday Blitz April 4 Late 2023"]
[White "Hajiyev, Kanan"]
[Black "Janaszak, Dawid"]
[WhiteFideId "13404148"]
[BlackFideId "1119206"]
[WhiteElo "2103"]
[BlackElo "2220"]
[Result "0-1"]
[Round "10"]
[TimeControl "180+2"]
[Date "2023.04.04"]
[WhiteClock "0:00:04"]
[BlackClock "0:00:16"]

1. d4 d5 2. Nf3 c5 3. c4 e6 4. cxd5 exd5 5. Nc3 Nc6 6. g3 Nf6 7. Bg2 cxd4 8. Nxd4 Bc5 9. Be3 Be7 10. O-O O-O 11. Nxc6 bxc6 12. Na4 Ne4 13. Rc1 Bd7 14. Nc5 Bxc5 15. Bxc5 Re8 16. e3 a5 17. b3 Qf6 18. Qd4 Qg6 19. Ba3 h5 20. Bb2 h4 21. f3 h3 22. fxe4 hxg2 23. Rf4 Bh3 24. exd5 cxd5 25. Rc6 f6 26. Rc7 Rad8 27. Rh4 Qf5 28. Rf4 Qb1+ 29. Rc1 Qxa2 30. Rh4 Bf5 31. Rc7 Re5 32. Kxg2 Qxb3 33. Rf4 Be6 34. Rf2 a4 35. Qa7 Rg5 36. h4 Rg6 37. Bd4 Qd3 38. h5 Qe4+ 39. Kh2 Rg5 40. h6 Rh5+ 0-1


[Site "https://www.chess.com"]

[Event "Titled Tuesday Blitz April 4 Late 2023"]
[White "Liu, Casper"]
[Black "Omelja, Artem"]
[WhiteFideId "1454153"]
[BlackFideId "14119846"]
[WhiteElo "2221"]
[BlackElo "2404"]
[Result "1-0"]
[Round "10"]
[TimeControl "180+2"]
[Date "2023.04.04"]
[WhiteClock "0:00:43"]
[BlackClock "0:00:17"]

1. d4 a5 2. e4 h6 3. Nf3 g5 4. h4 g4 5. Ne5 h5 6. Bc4 e6 7. f3 d6 8. Nd3 Be7 9. Nf2 Bxh4 10. Nc3 Nc6 11. Be3 Bg5 12. Nxg4 Bxe3 13. Nxe3 Qg5 14. Kf2 Nf6 15. Ne2 e5 16. c3 h4 17. Qb3 Rf8 18. Rag1 Bd7 19. g3 h3 20. Qxb7 Rb8 21. Qxc7 Rxb2 22. Rb1 Rxb1 23. Rxb1 h2 24. Bb5 Nd8 25. Nd5 Rh8 26. Qxd6 Ne6 27. Qe7# 1-0


[Site "https://www.chess.com"]

[Event "Titled Tuesday Blitz April 4 Late 2023"]
[White "ArchibaldCerveza29"]
[Black "Kim, Sergey"]
[BlackFideId "13700570"]
[WhiteElo "2427"]
[BlackElo "2517"]
[Result "0-1"]
[Round "10"]
[TimeControl "180+2"]
[Date "2023.04.04"]
[WhiteClock "0:00:05"]
[BlackClock "0:00:37"]

1. e4 e5 2. Nf3 Nc6 3. d4 exd4 4. Bc4 Nf6 5. O-O Nxe4 6. Nc3 Nxc3 7. bxc3 d5 8. Bb5 Be7 9. cxd4 O-O 10. Re1 Bg4 11. c3 Bd6 12. h3 Bh5 13. Rb1 Qf6 14. Be2 b6 15. Qb3 Bg6 16. Rb2 Be4 17. Ng5 Na5 18. Qa4 Bg6 19. Bb5 h6 20. Nf3 Be4 21. Be2 Rae8 22. Be3 Nc4 23. Bxc4 dxc4 24. Nd2 Bd5 25. Nxc4 Qg6 26. f4 Bxf4 27. Ne5 Qg3 28. Qd1 Qh2+ 29. Kf1 Bxe3 30. Rxe3 Qh1+ 31. Ke2 Qxg2+ 32. Kd3 Qxb2 33. Qg4 f6 34. Rg3 Re7 35. Ng6 Qb1+ 36. Kd2 Qxa2+ 37. Kd3 Bc4# 0-1


[Site "https://www.chess.com"]

[Event "Titled Tuesday Blitz April 4 Late 2023"]
[White "Gubajdullin, Alexei"]
[Black "Gerbelli Neto, Eduardo"]
[WhiteFideId "4141202"]
[BlackFideId "2103281"]
[WhiteElo "2279"]
[BlackElo "2178"]
[Result "1-0"]
[Round "10"]
[TimeControl "180+2"]
[Date "2023.04.04"]
[WhiteClock "0:00:09"]
[BlackClock "0:00:06"]

1. d3 d5 2. Nf3 Nf6 3. g3 g6 4. Bg2 Bg7 5. O-O O-O 6. c4 d4 7. b4 a5 8. Bb2 axb4 9. Bxd4 Nc6 10. Bb2 Re8 11. a3 bxa3 12. Rxa3 Rxa3 13. Nxa3 e5 14. Nd2 Nd4 15. e3 Nf5 16. Nb3 b6 17. Nb5 Nd6 18. Na7 Bg4 19. Qc2 Bd7 20. Nc6 Bxc6 21. Bxc6 Re7 22. d4 exd4 23. exd4 Qc8 24. c5 Qf5 25. Qxf5 Nxf5 26. cxb6 cxb6 27. d5 Ne4 28. Ba3 Ra7 29. Bb4 Bf8 30. Bxf8 Kxf8 31. Re1 Nc3 32. Re8+ Kg7 33. Rb8 b5 34. Rd8 Ra3 35. Nd2 Ra1+ 36. Kg2 Rd1 37. Nf3 b4 38. g4 Nd4 39. Ne5 Nxc6 40. Nxc6 Rxd5 41. Rb8 Rc5 42. Nxb4 Rb5 43. Rxb5 Nxb5 44. g5 h6 45. h4 hxg5 46. hxg5 Nd4 47. f4 Ne6 48. Nd5 Nd4 49. Kf2 Nf5 50. Kf3 Nd4+ 51. Ke4 Nf5 52. Ke5 Ng3 53. Nf6 Nf5 54. Ne8+ Kf8 55. Nd6 Ne7 56. Nc4 Kg7 57. Ne3 Nc6+ 58. Kd6 Nd4 59. Ke7 Ne2 60. Nd5 Nd4 61. Kd6 Nf5+ 62. Ke5 Nh4 63. Nf6 Nf3+ 64. Ke4 Nd2+ 65. Kd3 Nf3 66. Ne8+ Kf8 67. Nf6 Ke7 68. Ke3 Ne1 69. Nd5+ Ke6 70. Nc3 Kf5 71. Nd5 Kg4 72. Ke4 Nf3 73. Ne3+ Kg3 74. Nc4 Kg4 75. Ne5+ Nxe5 76. Kxe5 Kh5 77. Kf6 Kg4 78. Kxf7 Kxf4 79. Kxg6 Ke5 80. Kh6 Ke6 81. g6 Ke7 82. g7 Kf7 83. Kh7 1-0


[Site "https://www.chess.com"]

[Event "Titled Tuesday Blitz April 4 Late 2023"]
[White "Kielinkei"]
[Black "Goffredo_Fofi"]
[WhiteElo "2419"]
[BlackElo "2498"]
[Result "1/2-1/2"]
[Round "10"]
[TimeControl "180+2"]
[Date "2023.04.04"]
[WhiteClock "0:00:33"]
[BlackClock "0:00:20"]

1. Nf3 Nf6 2. g3 g6 3. Bg2 Bg7 4. d4 O-O 5. O-O d6 6. c4 c6 7. Nc3 Bf5 8. Nh4 Be6 9. d5 cxd5 10. cxd5 Bd7 11. Nf3 Na6 12. Be3 Ng4 13. Bd4 Bxd4 14. Qxd4 Qb6 15. Qxb6 axb6 16. h3 Nf6 17. Nd4 Rfc8 18. Rfc1 Rc5 19. Nb3 Rc4 20. e3 Nb4 21. Bf1 Rcc8 22. e4 Rc7 23. a3 Na6 24. Nd4 Rac8 25. f3 e5 26. Nb3 Nc5 27. Nxc5 Rxc5 28. Ne2 Nh5 29. Rxc5 Rxc5 30. Kf2 Rc2 31. Rc1 Rxb2 32. Rc7 Bb5 33. Rxb7 Bxe2 34. Bxe2 Kf8 35. a4 Nxg3 36. Kxg3 Rxe2 37. Rxb6 Ke7 38. Rb7+ Ke8 39. a5 Ra2 40. Ra7 h5 41. h4 Ra3 42. Ra6 Ke7 43. Ra7+ Ke8 44. Ra6 Ke7 45. Ra7+ Ke8 1/2-1/2


[Site "https://www.chess.com"]

[Event "Titled Tuesday Blitz April 4 Late 2023"]
[White "Figorito, Nick"]
[Black "Papayan, Oleg"]
[WhiteFideId "30923689"]
[BlackFideId "4193911"]
[WhiteElo "2396"]
[BlackElo "2153"]
[Result "0-1"]
[Round "10"]
[TimeControl "180+2"]
[Date "2023.04.04"]
[WhiteClock "0:00:22"]
[BlackClock "0:00:25"]

1. Nf3 Nf6 2. g3 c5 3. Bg2 Nc6 4. d4 cxd4 5. Nxd4 e5 6. Nxc6 dxc6 7. Qxd8+ Kxd8 8. O-O Bf5 9. c4 Kc7 10. Nc3 Bb4 11. Nd1 Rad8 12. a3 Bd2 13. Ne3 Be6 14. b3 a5 15. Bb2 Nd7 16. Rad1 Bxe3 17. fxe3 f6 18. Bc3 a4 19. bxa4 Bxc4 20. Rb1 Ra8 21. a5 Bxe2 22. Rfc1 Bd3 23. Rb2 Rhd8 24. Bb4 e4 25. Bf1 Ne5 26. Bg2 Nc4 27. Rb3 Nxa5 28. Rbc3 Nc4 29. Bxe4 Ne5 30. Bxd3 Nxd3 31. Rb1 Nxb4 32. Rxb4 Rd2 33. Rcb3 b5 34. Rd4 Rxd4 35. exd4 Kd6 36. Kf2 Kd5 37. Ke3 Ra4 38. Rd3 f5 39. Kf4 Rxd4+ 40. Rxd4+ Kxd4 41. Kxf5 c5 42. Ke6 c4 43. Kf7 c3 44. Kxg7 c2 45. Kxh7 c1=Q 46. g4 Qxa3 47. g5 Qe7+ 48. Kh6 Ke5 49. g6 Kf6 50. Kh5 Qg7 51. Kg4 Qxg6+ 52. Kf3 Qd3+ 53. Kf4 b4 54. h3 b3 55. h4 b2 56. h5 b1=Q 57. h6 Qf5+ 58. Ke3 Qbe4+ 59. Kd2 Qfd5+ 60. Kc1 Qec4+ 61. Kb2 Qdb5+ 62. Ka1 Qca4# 0-1


[Site "https://www.chess.com"]

[Event "Titled Tuesday Blitz April 4 Late 2023"]
[White "Senthilkumar, Pranav"]
[Black "Celestino, Rafael Teixeira"]
[WhiteFideId "2083477"]
[BlackFideId "2108925"]
[WhiteElo "1860"]
[BlackElo "2388"]
[Result "0-1"]
[Round "10"]
[TimeControl "180+2"]
[Date "2023.04.04"]
[WhiteClock "0:00:01"]
[BlackClock "0:00:05"]

1. Nf3 d5 2. g3 Bg4 3. Bg2 Nf6 4. O-O Qd7 5. c4 Nc6 6. cxd5 Nxd5 7. Nc3 O-O-O 8. d4 h5 9. Bf4 Nxf4 10. gxf4 Bh3 11. e3 Rh6 12. d5 Rg6 13. Nh4 Bxg2 14. Nxg6 Bxf1 15. Qxf1 fxg6 16. dxc6 Qxc6 17. Rd1 Re8 18. Nb5 Kb8 19. Qd3 Rc8 20. Nd4 Qd5 21. Qxg6 e5 22. fxe5 Qxe5 23. Qg3 Qd5 24. b3 Bd6 25. Qg2 Qe5 26. Nf3 Qa5 27. Rd2 g5 28. Re2 g4 29. Nd4 Qc3 30. Qf1 Rf8 31. Rc2 Qb4 32. Qc4 Qb6 33. a4 Rc8 34. Nb5 Be5 35. Nd4 Qf6 36. Qd3 Bd6 37. Qe4 h4 38. Qxg4 Qf7 39. Qf3 Rg8+ 40. Kf1 Qg6 41. Qe2 Qg1# 0-1


[Site "https://www.chess.com"]

[Event "Titled Tuesday Blitz April 4 Late 2023"]
[White "Pires, Marcos Vinicius Torsani"]
[Black "Skaric, Djuro"]
[WhiteFideId "2118939"]
[BlackFideId "934569"]
[WhiteElo "2273"]
[BlackElo "2282"]
[Result "0-1"]
[Round "10"]
[TimeControl "180+2"]
[Date "2023.04.04"]
[WhiteClock "0:00:18"]
[BlackClock "0:01:06"]

1. d4 d6 2. Bf4 g6 3. Nc3 Bg7 4. Qd2 Nf6 5. Bh6 O-O 6. h4 Nc6 7. O-O-O e5 8. d5 Ne7 9. h5 Nxh5 10. Rxh5 gxh5 11. Qg5 Ng6 12. Qxh5 Bxh6+ 13. Qxh6 Qf6 14. Nh3 Qh4 15. Qd2 a6 16. g3 Qh5 17. Bg2 Bxh3 18. Rh1 Qf5 19. Bxh3 Qf6 20. Ne4 Qg7 21. Bf5 f6 22. Qe3 Rae8 23. Qf3 Re7 24. e3 Kf7 25. g4 Ke8 26. Qe2 Kd8 27. Qc4 Ree8 28. Qb4 b6 29. Qc4 Ne7 30. Be6 f5 31. gxf5 Nxf5 32. Qxa6 Rxe6 33. dxe6 Ke7 34. Qb7 Kxe6 35. Qxc7 Qxc7 0-1


[Site "https://www.chess.com"]

[Event "Titled Tuesday Blitz April 4 Late 2023"]
[White "liwadas82"]
[Black "Qiao, Cindy"]
[BlackFideId "2620243"]
[WhiteElo "2473"]
[BlackElo "1777"]
[Result "1-0"]
[Round "10"]
[TimeControl "180+2"]
[Date "2023.04.04"]
[WhiteClock "0:01:17"]
[BlackClock "0:01:05"]

1. e4 c5 2. Nf3 d6 3. d4 cxd4 4. Nxd4 Nf6 5. Nc3 g6 6. g3 Bg7 7. Bg2 O-O 8. O-O Nc6 9. Nde2 Bd7 10. Be3 Ng4 11. Bg5 Qb6 12. h3 Nf6 13. b3 Qc5 14. Be3 Qa5 15. Rc1 Be6 16. a4 Rac8 17. Nd5 Rfe8 18. c4 Nb4 19. Bd2 Bxd5 20. exd5 Qb6 21. Be3 Qa5 22. Qe1 b6 23. Bd2 Nd3 24. Bxa5 Nxe1 25. Bxe1 a6 26. Bd2 b5 27. axb5 axb5 28. Be3 bxc4 29. bxc4 Rb8 30. Nd4 Rec8 31. Nc6 Rb7 32. Rb1 Rd7 33. Rb8 Rxb8 34. Nxb8 Rc7 35. Nc6 Nh5 36. Rb1 h6 37. Rb8+ Kh7 38. h4 Bf6 39. Bb6 Rd7 40. Bh3 e6 41. dxe6 fxe6 42. Bxe6 Rg7 43. Bd4 Bxd4 44. Nxd4 Nf6 45. Nb5 Ne4 46. Bd5 Nc3 47. Nxd6 1-0


[Site "https://www.chess.com"]

[Event "Titled Tuesday Blitz April 4 Late 2023"]
[White "Weisz, Bryan"]
[Black "Rios Escobar, Adan"]
[WhiteFideId "30934133"]
[BlackFideId "3403645"]
[WhiteElo "2365"]
[BlackElo "2472"]
[Result "1-0"]
[Round "10"]
[TimeControl "180+2"]
[Date "2023.04.04"]
[WhiteClock "0:00:16"]
[BlackClock "0:00:01"]

1. g3 Nf6 2. Bg2 c5 3. e4 d6 4. Ne2 g6 5. c3 Bg7 6. d4 O-O 7. O-O e5 8. Na3 Nc6 9. Nc4 cxd4 10. cxd4 Bg4 11. f3 Bc8 12. Be3 Ne8 13. Rc1 Bd7 14. d5 Ne7 15. Qb3 b6 16. Qa3 Bb5 17. Qb4 Ba6 18. Nc3 f5 19. Nb5 Bxb5 20. Qxb5 Rf7 21. a4 Nc7 22. Qb4 Nexd5 23. exd5 Nxd5 24. Qd2 Nxe3 25. Nxe3 Bh6 26. Rc3 d5 27. f4 d4 28. Bxa8 Qxa8 29. Rd3 Rd7 30. Nc2 Kg7 31. Qe2 exf4 32. gxf4 Qd5 33. Rxd4 Qc5 34. Qe5+ Qxe5 35. fxe5 Rxd4 36. Nxd4 Be3+ 37. Kg2 Bxd4 38. Rd1 Bxe5 39. Rd7+ Kf6 40. Rxa7 Bxb2 41. Rxh7 Bd4 42. Rb7 1-0


[Site "https://www.chess.com"]

[Event "Titled Tuesday Blitz April 4 Late 2023"]
[White "Dudzinski, Pawel"]
[Black "Wang, Alexander J"]
[WhiteFideId "1117890"]
[BlackFideId "30955270"]
[WhiteElo "2099"]
[BlackElo "2317"]
[Result "1-0"]
[Round "10"]
[TimeControl "180+2"]
[Date "2023.04.04"]
[WhiteClock "0:00:26"]
[BlackClock "0:00:18"]

1. e4 c5 2. Nc3 d6 3. g3 Nc6 4. Bg2 g6 5. d3 Bg7 6. Be3 e6 7. Qd2 Nge7 8. Bh6 O-O 9. h4 f5 10. h5 Rf7 11. Bxg7 Rxg7 12. h6 Rf7 13. Nf3 a6 14. Ng5 Rf8 15. f4 d5 16. exd5 exd5 17. O-O-O d4 18. Ne2 Nd5 19. Bxd5+ Qxd5 20. Kb1 Be6 21. b3 Bf7 22. Rhe1 b5 23. Ng1 Rae8 24. N1f3 a5 25. Rxe8 Rxe8 26. Re1 Qd7 27. Ne5 Nxe5 28. fxe5 Bd5 29. Qxa5 Qe7 30. Qd2 Ra8 31. e6 Qa7 32. c4 dxc3 33. Qxc3 Qxa2+ 34. Kc1 Qa1+ 35. Qxa1 Rxa1+ 36. Kd2 Rxe1 37. Kxe1 Bxb3 38. e7 Bf7 39. Kd2 Be8 40. Kc3 Bd7 41. d4 b4+ 42. Kc4 cxd4 43. Kxb4 d3 44. Kc3 Bb5 45. Kd2 Ba4 46. Kxd3 Be8 47. Kd4 Bd7 48. Ke5 Be8 49. Kf6 Bd7 50. Nf7 Bc6 51. Nd6 g5 52. Kxg5 f4 53. gxf4 Kh8 54. e8=Q+ Bxe8 55. Nxe8 Kg8 56. Nd6 Kh8 57. Kf6 Kg8 58. Ke7 Kh8 59. f5 Kg8 60. f6 Kh8 61. Nf5 Kg8 62. f7+ Kh8 1-0


[Site "https://www.chess.com"]

[Event "Titled Tuesday Blitz April 4 Late 2023"]
[White "Romero Ruscalleda, Josep"]
[Black "Veiga, Jose Francisco R P Neves"]
[WhiteFideId "2231859"]
[BlackFideId "1930087"]
[WhiteElo "2183"]
[BlackElo "2320"]
[Result "1-0"]
[Round "10"]
[TimeControl "180+2"]
[Date "2023.04.04"]
[WhiteClock "0:02:06"]
[BlackClock "0:02:37"]

1. e4 e6 2. d4 d5 3. e5 c5 4. c3 Nc6 5. Be3 Bd7 6. Nf3 Qb6 7. Qd2 cxd4 8. cxd4 Rc8 9. Nc3 Bb4 10. Bd3 Nge7 11. O-O Nf5 12. Bxf5 exf5 13. Nxd5 Qa5 14. Nxb4 Qxb4 15. Rac1 O-O 16. d5 Ne7 17. Qxb4 1-0


[Site "https://www.chess.com"]

[Event "Titled Tuesday Blitz April 4 Late 2023"]
[White "Zampronha, Wladimir Camilo"]
[Black "Kovalevsky, Stanislav"]
[WhiteFideId "2103087"]
[BlackFideId "13508598"]
[WhiteElo "2176"]
[BlackElo "2174"]
[Result "0-1"]
[Round "10"]
[TimeControl "180+2"]
[Date "2023.04.04"]
[WhiteClock "0:00:03"]
[BlackClock "0:00:02"]

1. e4 e6 2. d4 d5 3. Nc3 dxe4 4. Nxe4 Nf6 5. Bd3 Bd7 6. Nf3 Bc6 7. Ned2 Nbd7 8. O-O Bd6 9. Re1 O-O 10. c3 Re8 11. Nc4 a6 12. Nce5 Bxf3 13. Qxf3 c6 14. Bg5 Qc7 15. Qh3 Bxe5 16. dxe5 Nxe5 17. Bxf6 Nxd3 18. Qg4 g6 19. Qg5 Qf4 20. Red1 h6 21. Qxf4 Nxf4 22. Rd7 Nd5 23. Bh4 g5 24. Bg3 Re7 25. Rxe7 Nxe7 26. Rd1 Nd5 27. c4 Nb6 28. b3 a5 29. Bc7 Ra6 30. Rd8+ Kg7 31. Rb8 a4 32. Rxb7 axb3 33. Be5+ Kg6 34. axb3 Kf5 35. Bc3 f6 36. h3 Nc8 37. g4+ Ke4 38. Kg2 f5 39. Rh7 Ra3 40. Rxh6 Rxb3 41. Rxe6+ Kd3 42. Bf6 f4 43. Bxg5 f3+ 44. Kg3 Kxc4 45. h4 Kd5 46. Re8 Nd6 47. Rd8 Ke6 48. Rf8 Ne4+ 49. Kh2 Nxf2 50. Kg3 Ne4+ 51. Kh2 Rb2+ 52. Kg1 f2+ 53. Kf1 Ng3+ 54. Kg2 f1=Q+ 55. Kxg3 Rb3+ 56. Kh2 Rh3# 0-1


[Site "https://www.chess.com"]

[Event "Titled Tuesday Blitz April 4 Late 2023"]
[White "mjelcic"]
[Black "Ai, Evan"]
[BlackFideId "2094770"]
[WhiteElo "2238"]
[BlackElo "1963"]
[Result "1/2-1/2"]
[Round "10"]
[TimeControl "180+2"]
[Date "2023.04.04"]
[WhiteClock "0:00:34"]
[BlackClock "0:00:07"]

1. e4 e5 2. Nf3 Nc6 3. d4 exd4 4. Bc4 Nf6 5. e5 d5 6. Bb5 Ne4 7. Nxd4 Bd7 8. Bxc6 bxc6 9. O-O Bc5 10. f3 Ng5 11. f4 Ne4 12. Be3 O-O 13. Nd2 Nxd2 14. Qxd2 Qe7 15. Nb3 Bb6 16. Qc3 f6 17. Nc5 Bf5 18. Bd4 fxe5 19. fxe5 Bg6 20. b4 a5 21. a3 axb4 22. axb4 Rxa1 23. Rxa1 Qh4 24. e6 Bf5 25. e7 Re8 26. Bxg7 Qxe7 27. Bd4 Qg5 28. Re1 Rxe1+ 29. Qxe1 Be4 30. Qe2 Qc1+ 31. Kf2 Bxc5 32. Qg4+ Kf7 33. Qg7+ Ke8 34. Bxc5 Qxc2+ 35. Ke3 Qc1+ 36. Ke2 Qc2+ 37. Ke3 Qd3+ 38. Kf4 Qf1+ 39. Ke5 Qa1+ 40. Bd4 Qf1 41. Qg8+ Qf8 42. Qe6+ Qe7 43. g4 Qxe6+ 44. Kxe6 Bf3 45. h3 Bg2 46. h4 Bh3 47. Kf5 h5 48. Kf4 Bxg4 49. Ke5 Kd7 50. Bc5 Be2 51. Kf6 Bg4 52. Kg5 Ke6 53. Kf4 Bd1 54. Bd4 Be2 55. Ke3 Bg4 56. Kf4 Kd6 57. Bc5+ Ke6 58. Bd4 Kd7 59. Ke5 Kc8 60. Kf6 Kb7 61. Ke7 Ka6 62. Kf6 Kb5 63. Bc5 Kc4 64. Ke5 Bd1 65. Kf4 d4 66. Ke4 d3 67. Ke3 Bg4 68. Kd2 Bf5 69. Bf8 Kd5 70. Bc5 Ke4 71. Be7 Kf3 72. Bd8 Ke4 73. Bxc7 Kd5 74. Bd8 Kc4 75. Be7 Kb3 76. Bc5 Kc4 77. Bd6 Kd5 78. Be7 Ke6 79. Bc5 Kd5 1/2-1/2


[Site "https://www.chess.com"]

[Event "Titled Tuesday Blitz April 4 Late 2023"]
[White "Perske, Thore"]
[Black "Kalajzic, Ivan"]
[WhiteFideId "12902195"]
[BlackFideId "14506378"]
[WhiteElo "2336"]
[BlackElo "2203"]
[Result "1-0"]
[Round "10"]
[TimeControl "180+2"]
[Date "2023.04.04"]
[WhiteClock "0:01:20"]
[BlackClock "0:00:08"]

1. d4 Nc6 2. g3 e5 3. dxe5 Nxe5 4. Bg2 Nf6 5. Nf3 Nxf3+ 6. Bxf3 d5 7. O-O Bh3 8. Re1 Be7 9. Nd2 O-O 10. c4 c6 11. cxd5 cxd5 12. Nb3 Bb4 13. Bd2 Qb6 14. Bxb4 Qxb4 15. Qd4 Qxd4 16. Nxd4 Rac8 17. Rac1 a6 18. e3 Bg4 19. Bxg4 Nxg4 20. h4 g6 21. Kf1 Kg7 22. Ke2 Kf6 23. a4 Ne5 24. b3 h5 25. Nf3 Nxf3 26. Kxf3 Ke5 27. Red1 Rc6 28. Rxc6 bxc6 29. Rc1 Kd6 30. Ke2 Rb8 31. Rc3 c5 32. Kd3 Rb4 33. Kc2 f6 34. Rd3 g5 35. hxg5 fxg5 36. Rd1 h4 37. gxh4 gxh4 38. Rh1 Rg4 39. Kc3 Ke5 40. f3 Rb4 41. Rg1 h3 42. Rg5+ Kf6 43. Rh5 d4+ 44. exd4 Rxd4 45. Rxh3 Rf4 46. Rh6+ Ke5 47. Rxa6 Rxf3+ 48. Kc4 Rf1 49. Kxc5 Rc1+ 50. Kb4 Kd4 51. Ra8 Rc7 52. Rd8+ Ke5 53. a5 Rb7+ 54. Ka4 Ke6 55. b4 Ke7 56. Rd1 Rc7 57. a6 Rc2 58. b5 Ra2+ 59. Kb4 Rb2+ 60. Ka5 Rb1 61. a7 Rxd1 62. b6 Ra1+ 63. Kb5 Rb1+ 64. Kc6 Ra1 65. Kb7 Kd6 66. a8=Q Ra7+ 67. Qxa7 1-0


[Site "https://www.chess.com"]

[Event "Titled Tuesday Blitz April 4 Late 2023"]
[White "Kohler, Aran"]
[Black "Mirimanian, Hayk"]
[WhiteFideId "1002856"]
[BlackFideId "4700180"]
[WhiteElo "2295"]
[BlackElo "2280"]
[Result "0-1"]
[Round "10"]
[TimeControl "180+2"]
[Date "2023.04.04"]
[WhiteClock "0:00:02"]
[BlackClock "0:00:14"]

1. d4 d5 2. Nf3 Nf6 3. Bg5 Ne4 4. Bf4 Nc6 5. c3 Bg4 6. Nbd2 Qd7 7. h3 Bh5 8. g4 Bg6 9. e3 f6 10. Bb5 Nxd2 11. Nxd2 a6 12. Qa4 e6 13. Bxc6 bxc6 14. Nb3 Be7 15. Qa5 Ra7 16. O-O-O O-O 17. f3 Rb8 18. h4 Rb5 19. Qa4 Qc8 20. h5 Be8 21. Rh2 c5 22. dxc5 e5 23. Bg3 Bc6 24. Qa3 e4 25. fxe4 Qxg4 26. Rg1 dxe4 27. h6 g6 28. Nd2 Bxc5 29. Qa4 Bxe3 30. Qc4+ Bd5 31. Qa4 Bxg1 32. Rg2 Be3 0-1


[Site "https://www.chess.com"]

[Event "Titled Tuesday Blitz April 4 Late 2023"]
[White "Vaglio Munoz, Jaime"]
[Black "olga-belka"]
[WhiteFideId "6500145"]
[WhiteElo "2199"]
[BlackElo "2293"]
[Result "1-0"]
[Round "10"]
[TimeControl "180+2"]
[Date "2023.04.04"]
[WhiteClock "0:02:02"]
[BlackClock "0:00:55"]

1. Nf3 Nf6 2. c4 g6 3. b3 Bg7 4. Bb2 O-O 5. g3 d5 6. cxd5 Qxd5 7. Nc3 Qd8 8. Bg2 c6 9. O-O Nbd7 10. d4 Nb6 11. h3 Nbd5 12. Re1 Nxc3 13. Bxc3 Ne4 14. Bb4 a5 15. Ba3 Re8 16. Rc1 Bf5 17. g4 Be6 18. e3 Bd5 19. Nh2 Qd7 20. Nf1 Qe6 21. f3 Nd6 22. e4 Nb5 23. Bb2 Bxb3 24. axb3 Qxb3 25. Qxb3 1-0


[Site "https://www.chess.com"]

[Event "Titled Tuesday Blitz April 4 Late 2023"]
[White "Golubev, Mikhail"]
[Black "lluiss"]
[WhiteFideId "14100983"]
[WhiteElo "2374"]
[BlackElo "2261"]
[Result "0-1"]
[Round "10"]
[TimeControl "180+2"]
[Date "2023.04.04"]
[WhiteClock "0:00:01"]
[BlackClock "0:00:31"]

1. e4 c5 2. Nf3 d6 3. d4 cxd4 4. Nxd4 Nf6 5. Nc3 g6 6. Be3 Bg7 7. f3 O-O 8. Qd2 Nc6 9. Bc4 Bd7 10. g4 Nxd4 11. Bxd4 Be6 12. Bb3 Qa5 13. O-O-O Bxb3 14. cxb3 Rfc8 15. Kb1 Nd7 16. Nd5 Qxd2 17. Nxe7+ Kf8 18. Bxg7+ Kxg7 19. Rxd2 Re8 20. Nd5 Ne5 21. Rf1 Rac8 22. g5 h6 23. h4 hxg5 24. hxg5 Rh8 25. f4 Nc6 26. a3 Rh3 27. Ka2 Rch8 28. Nf6 Na5 29. Rxd6 Nxb3 30. Rd7 Nc5 31. Rc7 b6 32. Rxa7 Rh2 33. e5 Rd8 34. a4 Nd3 35. Rb1 Nxf4 36. Rb7 Nd3 37. Rxb6 Nxe5 38. a5 Ra8 39. a6 Nf3 40. Rc1 Nxg5 41. Nd5 Rh4 42. Nc7 Ra7 43. Rc3 Ne4 0-1


[Site "https://www.chess.com"]

[Event "Titled Tuesday Blitz April 4 Late 2023"]
[White "Georg, Heinz"]
[Black "Buchenau, Frank"]
[WhiteFideId "4607295"]
[BlackFideId "4604350"]
[WhiteElo "2252"]
[BlackElo "2157"]
[Result "1-0"]
[Round "10"]
[TimeControl "180+2"]
[Date "2023.04.04"]
[WhiteClock "0:00:23"]
[BlackClock "0:00:03"]

1. e4 e6 2. c4 d5 3. exd5 exd5 4. cxd5 Nf6 5. Nc3 Nxd5 6. d4 Be6 7. Bd3 Be7 8. Nge2 O-O 9. O-O Nc6 10. f4 Nxc3 11. bxc3 Na5 12. f5 Bc4 13. Bxc4 Nxc4 14. Qa4 Nb6 15. Qb3 Qd5 16. Nf4 Qxf5 17. c4 Bf6 18. Bb2 Qe4 19. Rae1 Qc6 20. c5 Na4 21. Nd5 Bh4 22. Ne7+ Bxe7 23. Rxe7 Nxb2 24. Rfxf7 Kh8 25. Qxb2 Rxf7 26. Rxf7 Qe6 27. Qf2 h6 28. Rxc7 Rd8 29. Rxb7 Qc4 30. Rf7 Qxd4 31. Qxd4 Rxd4 32. Rxa7 Rc4 33. Ra5 1-0


[Site "https://www.chess.com"]

[Event "Titled Tuesday Blitz April 4 Late 2023"]
[White "Osmonbekov, Talaibek"]
[Black "Schuster, Karsten"]
[WhiteFideId "2017253"]
[BlackFideId "4611071"]
[WhiteElo "2135"]
[BlackElo "2294"]
[Result "0-1"]
[Round "10"]
[TimeControl "180+2"]
[Date "2023.04.04"]
[WhiteClock "0:00:08"]
[BlackClock "0:01:47"]

1. d4 Nf6 2. Bf4 d5 3. Nc3 c6 4. e3 Bg4 5. f3 Bh5 6. g4 Bg6 7. h4 h5 8. g5 Nfd7 9. Bd3 Bxd3 10. Qxd3 g6 11. Nge2 Bg7 12. O-O-O Na6 13. e4 e6 14. Rhe1 O-O 15. Bd6 Re8 16. Nf4 Nb6 17. Be5 Bxe5 18. dxe5 Nc4 19. exd5 cxd5 20. Ncxd5 exd5 21. e6 Nb4 22. exf7+ Kxf7 23. Qxg6+ Kf8 24. Qh6+ Kg8 25. Qg6+ Kf8 26. Rxe8+ Qxe8 27. Qh6+ Kg8 28. Nxh5 Qe3+ 29. Kb1 Nd2+ 30. Ka1 Nxc2# 0-1


[Site "https://www.chess.com"]

[Event "Titled Tuesday Blitz April 4 Late 2023"]
[White "Stachanczyk, Jacek"]
[Black "Antonova, Nadezhda"]
[WhiteFideId "1116657"]
[BlackFideId "14700182"]
[WhiteElo "2084"]
[BlackElo "1765"]
[Result "1/2-1/2"]
[Round "10"]
[TimeControl "180+2"]
[Date "2023.04.04"]
[WhiteClock "0:00:25"]
[BlackClock "0:00:06"]

1. e4 c6 2. d4 d5 3. Nc3 dxe4 4. Nxe4 Nf6 5. Nxf6+ exf6 6. c3 Bd6 7. Bd3 O-O 8. Ne2 Re8 9. O-O Nd7 10. Ng3 Nf8 11. Bd2 Qc7 12. Qh5 Be6 13. b3 Rad8 14. Rae1 b5 15. Ne4 Ng6 16. Nxd6 Qxd6 17. Re3 Bc8 18. Rfe1 Rxe3 19. fxe3 a6 20. c4 c5 21. d5 b4 22. g3 Qd7 23. e4 Ne5 24. Bf1 Qg4 25. Qxg4 Bxg4 26. Bg2 a5 27. Be3 Rc8 28. h3 Bd7 29. Bf4 Re8 30. Bxe5 Rxe5 31. Kf2 Kf8 32. Ke3 Ke7 33. Kf4 Kd6 34. g4 h5 35. Bf3 hxg4 36. hxg4 Rg5 37. Rh1 Be8 38. Rh8 Ke7 39. Rh1 Kd6 40. a3 bxa3 41. Ra1 a4 42. Rxa3 axb3 43. Rxb3 Kc7 44. Ra3 Kb6 45. Ra8 Bd7 46. Rf8 Kc7 47. Rxf7 Kd6 48. Rf8 Ba4 49. Be2 Bc2 50. Rc8 Ba4 51. Ra8 Bd7 52. Ra6+ Ke7 53. Bd3 Rxg4+ 54. Ke3 Rg3+ 55. Kd2 Rg2+ 56. Kc3 Rg3 57. Kd2 Rg2+ 58. Ke3 Rg3+ 59. Kd2 1/2-1/2


[Site "https://www.chess.com"]

[Event "Titled Tuesday Blitz April 4 Late 2023"]
[White "Ozalp, Burak"]
[Black "Svicevic, Rastko"]
[WhiteFideId "6314210"]
[BlackFideId "916315"]
[WhiteElo "2106"]
[BlackElo "2071"]
[Result "0-1"]
[Round "10"]
[TimeControl "180+2"]
[Date "2023.04.04"]
[WhiteClock "0:00:14"]
[BlackClock "0:00:28"]

1. d4 d5 2. c4 e6 3. Nf3 c6 4. Nc3 f5 5. Ne5 Nf6 6. g3 Nbd7 7. cxd5 exd5 8. Nd3 Bd6 9. Bg2 O-O 10. Bf4 Qe7 11. O-O Ne4 12. Bxd6 Qxd6 13. e3 Ndf6 14. Ne5 Be6 15. Rc1 Nd7 16. Nxd7 Bxd7 17. Rc2 Rae8 18. a3 Re6 19. Nxe4 fxe4 20. f4 exf3 21. Rxf3 Ref6 22. Rcf2 Bf5 23. Qf1 Qe6 24. Rxf5 Rxf5 25. Bh3 Qxe3 26. Bxf5 Rxf5 27. Kg2 Qxf2+ 28. Qxf2 Rxf2+ 29. Kxf2 Kf7 30. Ke3 Kf6 31. Kf4 Ke6 32. h4 a5 33. b4 axb4 34. axb4 b6 35. g4 Kd6 36. h5 c5 37. bxc5+ bxc5 38. dxc5+ Kxc5 39. g5 d4 40. Kf3 Kc4 41. h6 g6 42. Ke4 d3 43. Ke5 d2 44. Kf6 d1=Q 45. Kg7 Qd7+ 46. Kh8 Qe7 47. Kg8 Kd5 48. Kh8 Ke6 49. Kg8 Kd7 50. Kh8 Ke8 51. Kg8 Qf8+ 52. Kxh7 Qf7+ 53. Kh8 Kf8 54. h7 Qg7# 0-1


[Site "https://www.chess.com"]